 Dungeon Crawl Stone Soup version 0.29.1-1-gd02db6906a (webtiles) character file.

Game seed: 13733565216105359165

24362 Colgate the Skirmisher (level 13, -2/113 HPs)
             Began as a Formicid Hunter on Sept 28, 2022.
             Was an Initiate of Ignis.
             Killed from afar by a swamp worm (22 damage)
             ... with a harpoon shot
             ... on level 2 of the Lair of Beasts.
             The game lasted 01:45:23 (24897 turns).

Colgate the Skirmisher (Formicid Hunter)           Turns: 24897, Time: 01:45:24

Health: -2/113     AC: 18    Str: 17    XL:     13   Next: 42%
Magic:  13/13      EV: 14    Int:  9    God:    Ignis [......]
Gold:   499        SH: 15    Dex: 30    Spells: 12/12 levels left

rFire   + + .      SeeInvis +   X - +8 demon blade "Leech" {vamp, Harm Drain rN+}
rCold   + + .      Faith    .   Q - +3 buckler "Vapyreh" {rF+ Will- rCorr Stlth+}
rNeg    + . .      Spirit   .   Z - +6 scale mail of Hopscotch {rElec}
rPois   .          Reflect  +   (helmet unavailable)
rElec   +          Harm     +   h - scarf {rC+ rF+}
rCorr   +          Rampage  .   c - +0 pair of gloves
Will    .....                   (no boots)
Stlth   ++++......              O - amulet of reflection
HPRegen 0.28/turn               j - +4 ring of protection
MPRegen 0.13/turn               U - ring of the Barracuda {*Corrode rF- rC+ Dex+9 Stlth+}

@: no status effects
A: permanent stasis, dig shafts and tunnels, antennae 3, four strong arms
a: Dig, Shaft Self, Renounce Religion, Rising Flame


You were on level 2 of the Lair of Beasts.
You worshipped Ignis.
Ignis was noncommittal.
You visited 3 branches of the dungeon, and saw 18 of its levels.
You also visited: Ossuary.

You collected 1025 gold pieces.
You spent 526 gold pieces at shops.

Inventory:

Hand Weapons
 X - the +8 demon blade "Leech" (weapon) {vamp, Harm Drain rN+}
   (You found it on level 1 of the Lair of Beasts)

   It heals its wielder for a portion of the damage dealt every time it strikes
   a living foe.
   rN:        It protects you from negative energy.
   Drain:     It drains your maximum health when unequipped.
   Harm:      It increases damage dealt and taken.
Missiles
 L - 6 curare-tipped darts
 M - 11 throwing nets {!f}
 N - 32 javelins
Armour
 c - a +0 pair of gloves (worn)
 h - a scarf of resistance (worn)
 z - a +2 ring mail of cold resistance
 J - +0 steam dragon scales
 Q - the +3 buckler "Vapyreh" (worn) {rF+ Will- rCorr Stlth+}
   (You took it off an orc warrior on level 12 of the Dungeon)

   rF:        It protects you from fire.
   rCorr:     It protects you from acid and corrosion.
   Will:      It decreases your willpower.
   Stlth:     It makes you more stealthy.
 Z - the +6 scale mail of Hopscotch (worn) {rElec}
   (You found it on level 1 of the Lair of Beasts)

   rElec:     It insulates you from electricity.
Jewellery
 a - a +4 ring of protection
 j - a +4 ring of protection (left hand)
 k - a ring of flight
 B - a ring of positive energy
 I - an amulet of regeneration
 O - an amulet of reflection (around neck)
 T - an amulet of the acrobat
 U - the ring of the Barracuda (right hand) {*Corrode rF- rC+ Dex+9 Stlth+}
   (You acquired it on level 1 of the Lair of Beasts)

   [ring of protection from cold]

   Dex:       It affects your dexterity (+9).
   rF:        It makes you vulnerable to fire.
   rC:        It protects you from cold.
   *Corrode:  It may corrode you when you take damage.
   Stlth:     It makes you more stealthy.
Wands
 b - a wand of charming (5)
 v - a wand of mindburst (10)
 y - a wand of light (7)
 E - a wand of flame (34)
 H - a wand of iceblast (24) {@v2}
 P - a wand of polymorph (1)
 W - a wand of digging (5) {@v3}
Scrolls
 d - 2 scrolls of immolation
 g - 2 scrolls of fear
 n - 4 scrolls of vulnerability
 s - a scroll of poison
 x - 3 scrolls of magic mapping {@r5}
 C - 2 scrolls of silence
 S - a scroll of amnesia
 V - 3 scrolls of enchant armour
 Y - a scroll of identify {@r1}
Potions
 e - a potion of resistance {unknown}
 f - 2 potions of invisibility {unknown}
 i - 3 potions of ambrosia
 l - 4 potions of lignification
 m - 2 potions of brilliance
 o - 5 potions of flight
 p - a potion of magic {unknown}
 q - 5 potions of mutation
 r - 12 potions of heal wounds {@q2}
 t - 7 potions of curing {@q1}
 A - 3 potions of haste {unknown}
 D - 3 potions of degeneration
 F - a potion of attraction {unknown}
 G - 2 potions of cancellation {unknown}


   Skills:
 - Level 14.0 Fighting
 - Level 6.0 Long Blades
 - Level 14.0 Ranged Weapons
 + Level 4.7 Armour
 - Level 5.5 Dodging
 - Level 4.5 Stealth
 - Level 3.0 Shields
 - Level 5.1 Evocations


You had 12 spell levels left.
You didn't know any spells.
Your spell library contained the following spells:

 Spells                   Type           Power      Damage    Failure   Level
 Beastly Appendage        Tmut           0%         N/A       85%         1
 Foxfire                  Conj/Fire      0%         2x1d4     85%         1
 Magic Dart               Conj           0%         1d3       85%         1
 Necrotise                Necr           0%         1d4       85%         1
 Slow                     Hex            0%         N/A       85%         1
 Summon Small Mammal      Summ           0%         N/A       85%         1
 Searing Ray              Conj           0%         2d4       94%         2
 Sublimation of Blood     Necr           0%         N/A       94%         2
 Wereblood                Tmut           0%         N/A       94%         2
 Call Canine Familiar     Summ           0%         N/A       99%         3
 Confusing Touch          Hex            0%         N/A       99%         3
 Conjure Flame            Conj/Fire      0%         6-21      99%         3
 Inner Flame              Hex/Fire       0%         N/A       99%         3
 Lesser Beckoning         Tloc           0%         N/A       99%         3
 Ozocubu's Armour         Ice            0%         N/A       99%         3
 Portal Projectile        Hex/Tloc       0%         N/A       99%         3
 Spider Form              Tmut/Pois      0%         N/A       99%         3
 Summon Guardian Golem    Hex/Summ       0%         N/A       99%         3
 Vampiric Draining        Necr           0%         2d6       99%         3
 Flame Wave               Conj/Fire      0%         2d4       100%        4
 Fulminant Prism          Conj/Hex       0%         3d6       100%        4
 Leda's Liquefaction      Hex/Erth       0%         N/A       100%        4
 Petrify                  Tmut/Erth      0%         N/A       100%        4
 Agony                    Necr           0%         N/A       100%        5
 Irradiate                Conj/Tmut      0%         3d11      100%        5
 Manifold Assault         Tloc           0%         N/A       100%        5
 Ozocubu's Refrigeration  Ice            0%         4d7       100%        7
 Blink                    Tloc           Unusable   N/A       N/A         2

Dungeon Overview and Level Annotations

Branches:
Dungeon (15/15)            Temple (1/1) D:7            Lair (2/5) D:11
    Orc (0/2) D:12        Ossuary (visited)
  Swamp: Lair:2-3    Shoals: Lair:2-3     Snake: Lair:2-3    Spider: Lair:2-3
 Vaults: D:13-14     Depths: D:15

Altars:
Ashenzari
Cheibriados
Dithmenos
Elyvilon
Fedhas
Gozag
Hepliaklqana
Kikubaaqudgha
Makhleb
Nemelex Xobeh
Okawaru
Qazlal
Ru
Sif Muna
Trog
Uskayaw
Vehumet
Wu Jian
Xom
Yredelemnul
Zin
The Shining One
Ignis
Lugonu

Shops:
D:4 !   D:8 *   D:10 :   D:11 *

Portals:
Abyss: D:4

Annotations:
D:6 vihasia ood juttuja
D:13 4 runed translucent doors, Liimbo's ghost, journeyman FoWn
Lair:1 exclusion: oklob plant


Innate Abilities, Weirdness & Mutations

You cannot be hasted, slowed, berserked, paralysed or teleported.
You can dig through walls and to a lower floor.
You have a pair of large antennae on your head. (SInv)
Your four strong arms can wield two-handed weapons with a shield.


Message History

The ten-headed hydra barely misses you.
You lop one of the ten-headed hydra's heads off!
The nine-headed hydra grows two more!
You slash the 11-headed hydra!
You feel better. You block the 11-headed hydra's attack.
The 11-headed hydra closely misses you.
The 11-headed hydra completely misses you. x2
The 11-headed hydra barely misses you.
The 11-headed hydra bites you but does no damage.
You block the 11-headed hydra's attack. The 11-headed hydra misses you.
The 11-headed hydra bites you.
The 11-headed hydra bites you but does no damage.
The 11-headed hydra completely misses you.
You hack one of the 11-headed hydra's heads off!
The ten-headed hydra grows two more!
You hit the 12-headed hydra.
You feel better.
You block the 12-headed hydra's attack. x2
The 12-headed hydra bites you but does no damage.
The 12-headed hydra bites you.
The 12-headed hydra bites you but does no damage.
The 12-headed hydra bites you! The 12-headed hydra bites you.
The 12-headed hydra misses you. The 12-headed hydra barely misses you.
The 12-headed hydra bites you. The 12-headed hydra barely misses you.
The 12-headed hydra bites you but does no damage.
You barely miss the 12-headed hydra. The 12-headed hydra bites you.
You block the 12-headed hydra's attack.
The 12-headed hydra bites you but does no damage.
The 12-headed hydra bites you!
The 12-headed hydra bites you but does no damage.
You block the 12-headed hydra's attack. The 12-headed hydra bites you!
* * * LOW HITPOINT WARNING * * *
The 12-headed hydra bites you!
* * * LOW HITPOINT WARNING * * *
You block the 12-headed hydra's attack. x2
The 12-headed hydra bites you but does no damage. x2
You hack one of the 12-headed hydra's heads off!
The 11-headed hydra grows two more!
You slice the 13-headed hydra!!
You feel better.
You kill the 13-headed hydra!
The swamp worm fires a harpoon shot at you.
The harpoon shot hits you!!
You die...

...........<.# ♣≈≈≈≈♣
.≈~#...#.#.### ♣~≈≈≈♣ §
≈.≈~.##.....## ♣~~≈~♣.♣
≈≈#≈≈.#....#.# ♣~~~≈..♣
##≈#≈.......## ##♣~≈~...♣
#####.###..## #...~~..♣♣ ### #P.#
#ww{~♣.♣♣ ##.# #.♣.♣♣ ♣ #.#
##@♣♣♣# ##.# #..#♣P# ♣♣♣♣ #..#
##....# ##♣ #..# ##.#
###..###.###..#### #########..#
#.##............
...........#######.##.##PP##.####
..#..####.....#.#..##..####### #
.#######...........#..## # ##
#........#.#..#.P#


You could see 2 swamp worms.

Vanquished Creatures
  Josephine (D:13)
  Harold (D:10)
  A boulder beetle (D:9)
  A hydra (Lair:2)
  3 two-headed ogres
  Urug (D:13)
  A deep elf archer (D:12)
  A deep elf pyromancer (D:13)
  3 ugly things (D:13)
  5 cyclopes
  A black mamba (Lair:2)
  2 cane toads (Lair:1)
  An unseen horror (D:13)
  Maggie (D:8)
  3 komodo dragons
  A kobold demonologist (D:11)
  2 trolls (D:9)
  Prince Ribbit (D:6)
  A wind drake (shapeshifter) (D:13)
  5 blink frogs (Lair:2)
  A centaur simulacrum (D:14)
  4 wraiths (D:13)
  2 shadows
  4 basilisks
  4 fire bats (D:9)
  3 wyverns
  12 yaks (D:9)
  7 vampire mosquitoes (D:11)
  Edmund (D:5)
  2 acid dragons
  A hell hound (D:9)
  4 water moccasins
  11 orc warriors
  An ice beast (D:7)
  A black bear (D:5)
  2 ogres
  5 wolves (Lair:2)
  5 centaurs
  4 kobold brigands
  2 phantoms
  4 bullfrogs
  2 necrophages (D:5)
  8 scorpions
  5 wights (D:9)
  5 killer bees (D:9)
  4 howler monkeys
  4 electric eels (D:7)
  2 lava snakes (D:9)
  A centaur zombie (Ossuary)
  2 hounds
  3 human zombies (Ossuary)
  A jelly (D:4)
  2 gnoll boudas (D:8)
  5 orc priests
  3 iguanas
  16 orc wizards
  3 scorpion zombies (Ossuary)
  6 hell rats
  3 mummies (Ossuary)
  11 gnolls
  8 adders
  A shadow imp (D:7)
  2 ufetubi
  9 dart slugs
  45 orcs
  3 ball pythons
  6 endoplasms
  6 giant cockroaches
  6 goblins
  3 hobgoblins
  2 jackals (D:3)
  2 quokkas (D:5)
  10 bats
  3 frilled lizards
  A gnoll zombie (Ossuary)
  2 goblin zombies (Ossuary)
  4 hobgoblin zombies (Ossuary)
  14 kobolds
  A kobold zombie (Ossuary)
  2 orc zombies (Ossuary)
  A quokka zombie (D:8)
  2 rats (D:1)
  A rat zombie (D:8)
  3 fire vortices (D:9)
  2 lurking horrors (D:4)
341 creatures vanquished.

Vanquished Creatures (others)
  An ugly thing (D:6)
  A kobold brigand (D:11)
  A kobold (D:11)
  19 foxfires
  6 fungi (Lair:2)
  41 plants
69 creatures vanquished.

Grand Total: 410 creatures vanquished

Notes
Turn   | Place    | Note
-------+----------+-------------------------------------------
     0 | D:1      | Colgate the Formicid Hunter began the quest for the Orb.
     0 | D:1      | Reached XP level 1. HP: 16/16 MP: 1/1
   246 | D:1      | Reached XP level 2. HP: 23/23 MP: 2/2
   950 | D:2      | Found a faded altar of an unknown god.
   957 | D:2      | Prayed at the altar of an unknown god.
   957 | D:2      | Became a worshipper of Ignis, the Dying Flame
  1116 | D:2      | Reached XP level 3. HP: 29/29 MP: 3/3
  1677 | D:3      | Identified the +4 short sword of Squeaky Duty {venom, Fly
                  | rF+ Int+3}
  1704 | D:3      | Reached XP level 4. HP: 36/38 MP: 4/4
  2261 | D:3      | Reached skill level 5 in Fighting
  2359 | D:3      | Noticed a phantom
  2548 | D:3      | Reached XP level 5. HP: 44/44 MP: 5/5
  2849 | D:4      | Found a one-way gate to the infinite horrors of the Abyss.
  3073 | D:4      | Found Ycla's Distillery.
  3095 | D:4      | Bought a potion of curing for 42 gold pieces
  3147 | D:4      | Reached XP level 6. HP: 26/53 MP: 6/6
  3883 | D:4      | Found a corrupted altar of Lugonu.
  4474 | D:5      | Entered Level 5 of the Dungeon
  4626 | D:5      | Noticed Edmund
  4772 | D:5      | Reached skill level 1 in Evocations
  4809 | D:5      | Reached XP level 7. HP: 53/60 MP: 7/7
  5170 | D:5      | Found a blossoming altar of Fedhas.
  5610 | D:5      | Noticed a water moccasin
  5615 | D:5      | Killed a water moccasin
  5616 | D:5      | Reached skill level 5 in Ranged Weapons
  5719 | D:5      | Reached XP level 8. HP: 63/68 MP: 8/8
  6184 | D:5      | Killed Edmund
  6441 | D:6      | Noticed a troll
  6451 | D:6      | Noticed a cyclops
  6643 | D:6      | Noticed Prince Ribbit
  6657 | D:6      | Killed Prince Ribbit
  7023 | D:6      | Reached XP level 9. HP: 74/74 MP: 9/9
  7064 | D:6      | Noticed a brown ugly thing
  7081 | D:6      | Killed a brown ugly thing
  7987 | D:5      | Reached skill level 10 in Fighting
 12029 | D:7      | Found a staircase to the Ecumenical Temple.
 12038 | Temple   | Entered the Ecumenical Temple
 12594 | D:8      | Found a sand-covered staircase.
 12603 | Ossuary  | Entered an ossuary
 12800 | Ossuary  | Reached XP level 10. HP: 87/87 MP: 10/10
 13793 | D:8      | Reached skill level 10 in Ranged Weapons
 13887 | D:8      | Noticed Maggie
 13926 | D:8      | Found Foed's Neck Hole.
 13930 | D:8      | Bought an amulet of regeneration for 420 gold pieces
 14033 | D:8      | Killed Maggie
 14747 | D:9      | Noticed a boulder beetle
 14809 | D:9      | You are sucked into a shaft and drop 1 floor!
 14809 | D:10     | Entered Level 10 of the Dungeon
 14865 | D:9      | Reached XP level 11. HP: 96/96 MP: 11/11
 14867 | D:9      | Reached skill level 1 in Armour
 15424 | D:10     | Noticed a two-headed ogre
 15425 | D:10     | Noticed a two-headed ogre
 16127 | D:9      | You are sucked into a shaft and drop 3 floors!
 16142 | D:12     | Noticed a deep elf archer
 16145 | D:12     | You are sucked into a shaft and drop 3 floors!
 16145 | D:15     | Entered Level 15 of the Dungeon
 16169 | D:15     | Noticed a cyclops
 16216 | D:13     | Found a runed translucent door.
 16216 | D:13     | Noticed a green ugly thing
 16221 | D:13     | Found a runed translucent gate.
 16221 | D:13     | Found a runed translucent gate.
 16230 | D:13     | Found a bloodstained altar of Trog.
 16241 | D:13     | Noticed a deep elf pyromancer
 16253 | D:13     | Killed a deep elf pyromancer
 16299 | D:13     | Noticed a brown ugly thing
 16395 | D:13     | Noticed Josephine
 16395 | D:13     | Noticed a red ugly thing
 16484 | D:11     | Noticed a cyclops
 16502 | D:12     | Found a staircase to the Orcish Mines.
 16510 | D:12     | Noticed a two-headed ogre
 16523 | D:12     | You fall into a shaft and drop 2 floors!
 16597 | D:13     | Killed a green ugly thing
 16666 | D:13     | Noticed a six-headed hydra
 16667 | D:13     | Noticed a deep elf pyromancer
 16667 | D:13     | Noticed a centaur warrior
 16671 | D:13     | Noticed a five-headed hydra
 16673 | D:13     | Noticed a frost giant
 16693 | D:13     | Noticed Urug
 16710 | D:13     | Killed a brown ugly thing
 16863 | D:12     | Noticed a cyclops
 16890 | D:12     | Noticed a cyclops
 17016 | D:12     | You fall into a shaft and drop 2 floors!
 17019 | D:14     | Noticed a boulder beetle
 17033 | D:14     | You fall into a shaft and drop 1 floor!
 17188 | D:13     | Killed Urug
 17319 | D:13     | Killed Josephine
 17325 | D:13     | Killed a red ugly thing
 17326 | D:13     | Reached XP level 12. HP: 55/105 MP: 12/12
 17456 | D:13     | Found a runed translucent gate.
 17458 | D:13     | Noticed Liimbo's ghost (journeyman FoWn)
 18023 | D:12     | Killed a two-headed ogre
 18024 | D:12     | Reached skill level 5 in Dodging
 18037 | D:12     | Noticed an eight-headed hydra
 18444 | D:12     | Noticed a two-headed ogre
 18713 | D:12     | Identified the +3 buckler "Vapyreh" {rF+ Will- rCorr
                  | Stlth+}
 19362 | D:11     | Found Meoma's Assorted Antiques.
 19370 | D:11     | Bought a scroll labelled MAICANO NEXT for 34 gold pieces
 19370 | D:11     | Bought an amethyst potion for 30 gold pieces
 20383 | D:10     | Killed a two-headed ogre
 20405 | D:10     | Killed a two-headed ogre
 20920 | D:9      | Killed a boulder beetle
 21625 | D:9      | Reached skill level 1 in Shields
 21625 | D:9      | Reached XP level 13. HP: 99/112 MP: 13/13
 22040 | D:10     | Found Labe's Vocational Training.
 22098 | D:10     | Noticed Harold
 22101 | D:10     | Killed Harold
 22597 | D:11     | Found a staircase to the Lair.
 22606 | Lair:1   | Entered Level 1 of the Lair of Beasts
 22606 | Lair:1   | Found the +8 demon blade "Leech" {vamp, Harm Drain rN+}
 22612 | Lair:1   | Acquired the ring of the Barracuda {*Corrode rF- rC+ Dex+9
                  | Stlth+}
 22702 | Lair:1   | Reached skill level 5 in Evocations
 22703 | Lair:1   | Reached skill level 1 in Long Blades
 23057 | Lair:1   | Found a sacrificial altar of Ru.
 23266 | Lair:1   | Identified the +6 scale mail of Hopscotch {rElec}
 24340 | Lair:2   | Reached skill level 5 in Long Blades
 24882 | Lair:2   | Noticed a five-headed hydra
 24897 | Lair:2   | Killed a 13-headed hydra
 24897 | Lair:2   | Killed from afar by a swamp worm

Illustrated notes

Levels and vault maps discovered:
D:1:      dpeg_arrival_houses_and_road, layout_basic
D:2:      layout_basic, basic_ecumenical_altar
D:3:      layout_basic
D:4:      layout_basic, serial_shops, nicolae_shop_stone,
          amcnicky_altar_lugonu_corruption
D:5:      layout_loops_cross, fedhas_bush_and_centaur_altar, uniq_edmund
D:6:      kennysheep_windowed_halls, layout_loops_corners, uniq_prince_ribbit1
D:7:      kennysheep_slugbush, layout_layer_cave, minmay_temple_entry_arrows
D:8:      layout_basic, enter_ossuary_4, serial_glass, glass_columns_a,
          glass_columns_a, nicolae_shop_sticking_my_neck_out, uniq_maggie
D:9:      layout_loops_cross, serial_co_window_serial, co_window_paths_a,
          co_window_cross_1, co_window_paths_b, co_window_paths_a,
          co_window_cross_1, co_window_paths_c, co_window_corner_b,
          co_window_of_opportunity_b, co_window_corner_cb, co_window_broadway_a,
          hangedman_incinerator
D:10:     layout_cave_pools, nicolae_shop_vocational, uniq_harold
D:11:     layout_irregular_city, david_lair_shrubbed, serial_shops, shop
D:12:     evilmike_iron_armoury, layout_irregular_city, david_orc_3,
          serial_column_ruins, column_ruins_columns_corner,
          column_ruins_columns_straight, column_ruins_corridor_dead_end,
          column_ruins_open_small, column_ruins_corridor_straight,
          column_ruins_open_small, column_ruins_open_tiny,
          nicolae_vehumet_radiance
D:13:     layout_rooms, ebering_ghost_rock_garden, minmay_st_funbox,
          bloody_trog, uniq_urug, uniq_josephine
D:14:     minmay_imperfect_grid, layout_cave_pods, david_vaults_1,
          grunt_decor_cap
D:15:     hangedman_depths_entry_try_elsewhere_first, layout_basic,
          minivault_27, nicolae_underground_beach, uniq_louise, uniq_kirke
Temple:   roderic_octagonal_lattice_temple
Lair:1:   layout_roguey, gauntlet_entry_generic, st_stairs_12,
          serial_bayou_ford_a, dreamdust_deal_with_the_devil, lemuel_oklob_altar
Lair:2:   layout_loops_ring, palyth_hydra_swamp_entry,
          chequers_serial_rivers_small_b

Skill      XL: |  1  2  3  4  5  6  7  8  9 10 11 12 13 |
---------------+----------------------------------------+-----
Fighting       | 3 4 5 6 7 8 11 12 13 14 | 14.0
Evocations     | 1 2 4 5 |  5.1
Ranged Weapons | 5 8 10 12 14 | 14.0
Dodging        | 3 4 5 |  5.5
Stealth        | 4 |  4.5
Armour         | 4 |  4.7
Shields        | 1 3 |  3.0
Long Blades    | 6 |  6.0

Action                   |  1- 3 |  4- 6 |  7- 9 | 10-12 | 13-15 || total
-------------------------+-------+-------+-------+-------+-------++-------
Melee: Dagger            |     3 |       |       |       |       ||     3
       Short sword       |       |    19 |       |       |       ||    19
       Arbalest          |       |       |       |     1 |       ||     1
       Demon blade       |       |       |       |       |    81 ||    81
 Fire: Shortbow          |    77 |    75 |       |       |       ||   152
       Longbow           |       |    22 |   304 |   488 |       ||   814
       Arbalest          |       |       |       |   120 |    80 ||   200
Invok: Fiery Armour      |       |       |     4 |     5 |       ||     9
       Foxfire Swarm     |       |       |     1 |     1 |       ||     2
 Abil: Shaft Self        |       |       |       |     6 |       ||     6
Evoke: Wand              |       |       |     3 |     8 |     2 ||    13
  Use: Scroll            |       |     4 |     8 |     6 |     6 ||    24
       Potion            |       |       |       |       |     1 ||     1
 Stab: Sleeping          |       |     1 |       |       |     2 ||     3
Armor: Leather armour    |     3 |    26 |    44 |     6 |       ||    79
       Steam dragon scal |       |       |       |    95 |     3 ||    98
       Scale mail        |       |       |       |       |    31 ||    31
Dodge: Dodged            |    19 |    38 |    90 |   282 |    60 ||   489
Block: Buckler           |       |       |       |    82 |    95 ||   177
       Reflection        |       |       |       |    14 |     6 ||    20
       Other             |       |       |       |     8 |       ||     8
